 Dungeon Crawl Stone Soup version 0.30.0-5-g1a98f26d00 (webtiles) character file.

Game seed: 8268962477613040184

36 monsoonserge the Ducker (level 3, 30/30 HPs)
             Began as a Merfolk Monk on May 12, 2023.
             Was a Believer of Fedhas.
             Quit the game on level 2 of the Dungeon.
             The game lasted 00:02:48 (517 turns).

monsoonserge the Ducker (Merfolk Monk)               Turns: 517, Time: 00:02:48

Health: 30/30      AC:  6    Str: 11    XL:     3   Next: 37%
Magic:  3/3        EV: 10    Int:  9    God:    Fedhas [**....]
Gold:   34         SH:  0    Dex: 18    Spells: 2/2 levels left

rFire   . . .        i - +0 rapier
rCold   . . .        d - orb {light}
rNeg    . . .        j - +0 scale mail
rPois   .            (no helmet)
rElec   .            (no cloak)
rCorr   .            (no gloves)
SInv    .            (no boots)
Will    .....        (no amulet) Stlth
                     (no ring)
HPRegen 0.25/turn    (no ring)
MPRegen 0.08/turn

%: no passive effects
@: glowing
A: (nimble swimmer 2), mertail
a: Renounce Religion, Wall of Briars


You were on level 2 of the Dungeon.
You worshipped Fedhas.
Fedhas was pleased with you.
You visited 1 branch of the dungeon, and saw 2 of its levels.

You collected 34 gold pieces.

Inventory:

Hand Weapons
 a - a +0 falchion
 i - a +0 rapier (weapon)
 l - a +0 sling
Missiles
 n - 6 poisoned darts (quivered)
Armour
 b - a +0 robe
 d - an orb of light (worn)
 j - a +0 scale mail (worn)
Magical Staves
 m - a staff of earth
Scrolls
 g - a scroll of magic mapping {unknown}
 k - a scroll of torment {unknown}
Potions
 c - a potion of ambrosia
 e - 2 potions of flight {unknown}
 f - a potion of degeneration {unknown}
 h - a potion of cancellation {unknown}
 o - a potion of invisibility {unknown}


   Skills:
 + Level 3.7 Fighting
 + Level 0.2(2.5) Short Blades
 + Level 4.2 Long Blades
 + Level 0.1 Armour
 + Level 4.7 Dodging


You had 2 spell levels left.
You didn't know any spells.
Your spell library was empty.

Dungeon Overview and Level Annotations

Branches:
Dungeon (2/15)

Altars:
Fedhas

Annotations:
D:1 1 runed translucent door


Innate Abilities, Weirdness & Mutations

((You are very nimble when in or above water. (Stealth+, EV+, Speed+++)))
Your lower body shifts to a powerful aquatic tail in water.


Message History

You feel sick. The adder bites you but does no damage.
The adder barely misses you.
You hit the adder.
The adder is severely wounded.
You feel sick.
You are no longer poisoned.
The adder barely misses you.
You puncture the adder!
You kill the adder!
You now have 27 gold pieces (gained 14).
There are no items here.
You now have 34 gold pieces (gained 7).
There are no items here.
You see here 6 poisoned darts.
n - 6 poisoned darts
Press: ? - help, v - describe, . - travel
Here: a withered plant (petrified, haloed)
The floor.
There is a faded altar of an unknown god here.
This altar belongs to (a) Zin, (b) Fedhas or (c) Jiyva, but you can't tell which.
Press the corresponding letter to learn more about a god, or press enter to convert or escape to cancel.
Fedhas accepts your prayer! Fedhas welcomes you!
You can now encircle yourself with summoned briar patches.
The plants of the dungeon cease their hostilities.
Unknown command.
Press < or > to pray at altars.
You walk carefully through the plants.
There is a blossoming altar of Fedhas here.
You walk carefully through the plants.
o - a clear potion
There are no items here.
Found a pair of boots.
Okay, then.
A rat comes into view.
Found 6 gold pieces.
You hit the rat.
You kill the rat!
Fedhas appreciates your contribution to the ecosystem.
You see here a rat corpse.
Are you sure you want to abandon this character and quit the game? (Confirm with "yes".)

...#.....PP...#.##.#
#.#.#.#.#.#.......#
#....#...##..>....#
#####.....#.#.#.......#
............###........#
######.......#.#.#(....#
#..........###....#
#.#....†..#.#.....#
#.#....@.....######
#.#.......##.#
#.###..[#### #...# ##.##
#.# .$. ..


There were no monsters in sight!

Vanquished Creatures
  An adder (D:2)
  A dart slug (D:1)
  A bat (D:1)
  An endoplasm (D:1)
  A giant cockroach (D:1)
  4 goblins (D:1)
  A hobgoblin (D:1)
  5 jackals (D:1)
  2 kobolds (D:1)
  2 ball pythons (D:1)
  A frilled lizard (D:1)
  3 rats
23 creatures vanquished.

Notes
Turn   | Place    | Note
-------+----------+-------------------------------------------
     0 | D:1      | monsoonserge the Merfolk Monk began the quest for the Orb.
     0 | D:1      | Reached XP level 1. HP: 18/18 MP: 1/1
     1 | D:1      | Found a runed translucent door.
     2 | D:1      | Noticed a jelly
    73 | D:1      | Reached XP level 2. HP: 20/24 MP: 2/2
   421 | D:1      | Reached XP level 3. HP: 30/30 MP: 3/3
   464 | D:1      | You fall into a shaft and drop 1 floor!
   465 | D:2      | Found a faded altar of an unknown god.
   495 | D:2      | Prayed at the altar of an unknown god.
   495 | D:2      | Became a worshipper of Fedhas Madash
   495 | D:2      | Reached * piety under Fedhas
   495 | D:2      | Reached ** piety under Fedhas
   517 | D:2      | Quit the game

Illustrated notes

Levels and vault maps discovered:
D:1:      dpeg_arrival_caged_fury, layout_rooms, serial_forest,
          infiniplex_forest_lined_ring, infiniplex_forest_straight_4,
          infiniplex_forest_clump_long, infiniplex_forest_lined_3,
          infiniplex_forest_zigzag_1, infiniplex_forest_straight_2,
          infiniplex_forest_clump_double, infiniplex_forest_clump_diagonal
D:2:      layout_loops_ring, ebering_ecumenical_altar_petrified, serial_shops,
          nicolae_shop_rolled_up

Skill      XL: |  1  2 |
---------------+-------+-----
Long Blades    | 4 |  4.2
Fighting       | |  3.7
Short Blades   | |  0.2
Armour         | |  0.1
Dodging        | |  4.7

Action                     || total
---------------------------++-------
  Melee: Falchion          ||    19
         Rapier            ||    46
 Armour: Robe              ||     3
         Scale mail        ||    22
  Dodge: Dodged            ||    50
